Workbook

Sheet Year End - Trial Balance
B1: Evergreen Inc.
B2: Trial Balance Worksheet
B3: Year End
C4: General Ledger Account Balance
A5: Chart of Account # | B5: Account Name | D5: Debit | F5: Credit | G5: Net
A6: 100001 | B6: TD Checking Account #9564 | D6: 2513545 | G6: =D6-F6 -> 2513545
A7: 100002 | B7: TD Savings Account #8733 | D7: 1765738 | G7: =D7-F7 -> 1765738
A8: 100003 | B8: Royal Bank of Canada Checking Account #286 | D8: 3962126 | G8: =D8-F8 -> 3962126
A9: 100004 | B9: Petty Cash | D9: 1383 | G9: =D9-F9 -> 1383
A10: 120000 | B10: Accounts receivable | D10: 4996958 | G10: =D10-F10 -> 4996958
A11: 120001 | B11: Reserve for bad debts | F11: 5325000 | G11: =D11-F11 -> -5325000
A12: 130001 | B12: Inventory | D12: 1335956 | G12: =D12-F12 -> 1335956
A13: 140001 | B13: Prepaid insurance | D13: 22000 | G13: =D13-F13 -> 22000
A14: 140002 | B14: Prepaid other expenses | D14: 91540 | G14: =D14-F14 -> 91540
A15: 140003 | B15: Prepaid rent | D15: 15000 | G15: =D15-F15 -> 15000
A16: 150003 | B16: Office supplies | D16: 5229 | G16: =D16-F16 -> 5229
A17: 160001 | B17: Utility deposits | D17: 33000 | G17: =D17-F17 -> 33000
A18: 170001 | B18: Notes receivable | D18: 4375000 | G18: =D18-F18 -> 4375000
A19: 180001 | B19: Investments | D19: 14620000 | G19: =D19-F19 -> 14620000
A20: 190001 | B20: Organization expense | D20: 2910819 | G20: =D20-F20 -> 2910819
A21: 200000 | B21: Vehicles | D21: 2636860 | G21: =D21-F21 -> 2636860
A22: 210000 | B22: Accumulated depreciation - vehicles | F22: 3465559 | G22: =D22-F22 -> -3465559
A23: 200001 | B23: Furniture and fixtures | D23: 2491451 | G23: =D23-F23 -> 2491451
A24: 210001 | B24: Accumulated depreciation - furniture and fixtures | F24: 5571502 | G24: =D24-F24 -> -5571502
A25: 200002 | B25: Equipment | D25: 2749415 | G25: =D25-F25 -> 2749415
A26: 210002 | B26: Accumulated depreciation - equipment | F26: 3071883 | G26: =D26-F26 -> -3071883
A27: 200003 | B27: Buildings | D27: 4156940 | G27: =D27-F27 -> 4156940
A28: 210003 | B28: Accumulated depreciation - buildings | F28: 1636960 | G28: =D28-F28 -> -1636960
A29: 200004 | B29: Land | D29: 697470 | G29: =D29-F29 -> 697470
A30: 300000 | B30: Goodwill | D30: 1356642 | G30: =D30-F30 -> 1356642
A31: 300001 | B31: Other intangible assets | D31: 4389321 | G31: =D31-F31 -> 4389321
A32: 400000 | B32: Accounts payable | F32: 4708610 | G32: =D32-F32 -> -4708610
A33: 400001 | B33: Sales tax payable | F33: 1327849 | G33: =D33-F33 -> -1327849
A34: 400002 | B34: Federal withholding taxes payable | F34: 46144 | G34: =D34-F34 -> -46144
A35: 400003 | B35: FICA taxes payable | F35: 61154 | G35: =D35-F35 -> -61154
A36: 400004 | B36: State withholding taxes payable | F36: 26777 | G36: =D36-F36 -> -26777
A37: 400005 | B37: Unemployment taxes payable | F37: 8895 | G37: =D37-F37 -> -8895
A38: 500001 | B38: Accrued wages | F38: 49235 | G38: =D38-F38 -> -49235
A39: 500002 | B39: Unearned revenue | F39: 468027 | G39: =D39-F39 -> -468027
A40: 500003 | B40: Accrued income taxes | F40: 24272 | G40: =D40-F40 -> -24272
A41: 600001 | B41: Credit card payable | F41: 68716 | G41: =D41-F41 -> -68716
A42: 600002 | B42: Bank loan payable | F42: 2038196 | G42: =D42-F42 -> -2038196
A43: 600003 | B43: Notes payable to third Party | F43: 2912173 | G43: =D43-F43 -> -2912173
A44: 700001 | B44: Owner's equity | F44: 2877999 | G44: =D44-F44 -> -2877999
A45: 700002 | B45: Owner's drawing account | D45: 240904 | G45: =D45-F45 -> 240904
A46: 700003 | B46: Common stock | F46: 1812976 | G46: =D46-F46 -> -1812976
A47: 700004 | B47: Additional paid-in capital | F47: 6464202 | G47: =D47-F47 -> -6464202
A48: 700005 | B48: Preferred stock | F48: 4164931 | G48: =D48-F48 -> -4164931
A49: 700006 | B49: Retained earnings | F49: 4388842 | G49: =D49-F49 -> -4388842
A50: 800001 | B50: Domestic Direct to Consumer Sales | F50: 23043496 | G50: =D50-F50 -> -23043496
A51: =+A50+1 -> 800002 | B51: AZ Franchise Sales | F51: 2229331.1 | G51: =D51-F51 -> -2229331.1
A52: =+A51+1 -> 800003 | B52: CA Franchise Sales | F52: 5573327.9 | G52: =D52-F52 -> -5573327.9
A53: =+A52+1 -> 800004 | B53: NYC Franchise Sales | F53: 2340797.7 | G53: =D53-F53 -> -2340797.7
A54: =+A53+1 -> 800005 | B54: International Direct to Consumer Sales | F54: 1003199 | G54: =D54-F54 -> -1003199
A55: =+A54+1 -> 800006 | B55: AUS Franchise Sales | F55: 2503380.9 | G55: =D55-F55 -> -2503380.9
A56: =+A55+1 -> 800007 | B56: NZ Franchise Sales | F56: 2071064 | G56: =D56-F56 -> -2071064
A57: =+A56+1 -> 800008 | B57: Investment income | F57: =6968011.68-3565915.28 -> 3402096.4 | G57: =D57-F57 -> -3402096.4
A58: 900001 | B58: Purchases | D58: 2395349 | G58: =D58-F58 -> 2395349
A59: 900002 | B59: Freight | D59: 373652 | G59: =D59-F59 -> 373652
A60: 910001 | B60: Purchase returns and allowances | F60: 285405 | G60: =D60-F60 -> -285405
A61: 900003 | B61: Cost of goods sold - materials | D61: 3027260 | G61: =D61-F61 -> 3027260
A62: 910002 | B62: Cost of goods sold - labor | D62: 5101792 | G62: =D62-F62 -> 5101792
A63: 900004 | B63: Cost of goods sold - direct expenses | D63: 7325600 | G63: =D63-F63 -> 7325600
A64: 910003 | B64: Cost of goods sold - indirect expenses | D64: 1016680 | G64: =D64-F64 -> 1016680
A65: 900005 | B65: Advertising | D65: 2737750 | G65: =D65-F65 -> 2737750
A66: 910004 | B66: Amortization | D66: 750000 | G66: =D66-F66 -> 750000
A67: 900006 | B67: Bad debt expense | D67: 285000 | G67: =D67-F67 -> 285000
A68: 910005 | B68: Bank charges | D68: 20000 | G68: =D68-F68 -> 20000
A69: 900007 | B69: Charitable contributions | D69: 20000 | G69: =D69-F69 -> 20000
A70: 910006 | B70: Commissions expense | D70: 1905750 | G70: =D70-F70 -> 1905750
A71: 900008 | B71: Contract labor | D71: 295766 | G71: =D71-F71 -> 295766
A72: 910007 | B72: Credit card fees expense | D72: 2378 | G72: =D72-F72 -> 2378
... A94: 910018 | B94: Wages | D94: 7748720 | G94: =D94-F94 -> 7748720
B97: Totals | D97: =SUM(D6:D95) -> 92972000 | F97: =SUM(F6:F95) -> 92972000
B100: Difference | F100: =+D97-F97 -> 0.0025600046

Sheet Prior Year - Trial Balance
B1: Evergreen Inc.
B2: Trial Balance Worksheet
B3: Prior Year
C4: General Ledger Account Balance
A5: Chart of Account # | B5: Account Name | D5: Debit | F5: Credit | G5: Net
A6: 100001 | B6: TD Checking Account #9564 | D6: =2513545-500000 -> 2013545 | G6: =D6-F6 -> 2013545
A7: 100002 | B7: TD Savings Account #8733 | D7: =1765738-350454 -> 1415284 | G7: =D7-F7 -> 1415284
A8: 100003 | B8: Royal Bank of Canada Checking Account #286 | D8: =3962126-454750 -> 3507376 | G8: =D8-F8 -> 3507376
A9: 100004 | B9: Petty Cash | D9: 1447 | G9: =D9-F9 -> 1447
A10: 120000 | B10: Accounts receivable | D10: =4996958*0.86 -> 4297383.9 | G10: =D10-F10 -> 4297383.9
A11: 120001 | B11: Reserve for bad debts | F11: =5325000*0.86 -> 4579500 | G11: =D11-F11 -> -4579500
A12: 130001 | B12: Inventory | D12: =1335956*0.78 -> 1042045.7 | G12: =D12-F12 -> 1042045.7
A13: 140001 | B13: Prepaid insurance | D13: =22000*0.75 -> 16500 | G13: =D13-F13 -> 16500
A14: 140002 | B14: Prepaid other expenses | D14: 100694 | G14: =D14-F14 -> 100694
A15: 140003 | B15: Prepaid rent | D15: 16500 | G15: =D15-F15 -> 16500
A16: 150003 | B16: Office supplies | D16: 5751.9 | G16: =D16-F16 -> 5751.9
A17: 160001 | B17: Utility deposits | D17: 36300 | G17: =D17-F17 -> 36300
A18: 170001 | B18: Notes receivable | D18: 3937500 | G18: =D18-F18 -> 3937500
A19: 180001 | B19: Investments | D19: 13158000 | G19: =D19-F19 -> 13158000
A20: 190001 | B20: Organization expense | D20: 2619737.1 | G20: =D20-F20 -> 2619737.1
A21: 200000 | B21: Vehicles | D21: 2373174 | G21: =D21-F21 -> 2373174
A22: 210000 | B22: Accumulated depreciation - vehicles | F22: 3465559 | G22: =D22-F22 -> -3465559
A23: 200001 | B23: Furniture and fixtures | D23: 2491451 | G23: =D23-F23 -> 2491451
A24: 210001 | B24: Accumulated depreciation - furniture and fixtures | F24: 5571502 | G24: =D24-F24 -> -5571502
A25: 200002 | B25: Equipment | D25: 2749415 | G25: =D25-F25 -> 2749415
A26: 210002 | B26: Accumulated depreciation - equipment | F26: 3071883 | G26: =D26-F26 -> -3071883
A27: 200003 | B27: Buildings | D27: 4156940 | G27: =D27-F27 -> 4156940
A28: 210003 | B28: Accumulated depreciation - buildings | F28: 1636960 | G28: =D28-F28 -> -1636960
A29: 200004 | B29: Land | D29: 697470 | G29: =D29-F29 -> 697470
A30: 300000 | B30: Goodwill | D30: 1356642 | G30: =D30-F30 -> 1356642
A31: 300001 | B31: Other intangible assets | D31: 4389321 | G31: =D31-F31 -> 4389321
A32: 400000 | B32: Accounts payable | F32: 4473179.5 | G32: =D32-F32 -> -4473179.5
A33: 400001 | B33: Sales tax payable | F33: 1261456.6 | G33: =D33-F33 -> -1261456.6
A34: 400002 | B34: Federal withholding taxes payable | F34: 43836.8 | G34: =D34-F34 -> -43836.8
A35: 400003 | B35: FICA taxes payable | F35: 58096.3 | G35: =D35-F35 -> -58096.3
A36: 400004 | B36: State withholding taxes payable | F36: 25438.15 | G36: =D36-F36 -> -25438.15
A37: 400005 | B37: Unemployment taxes payable | F37: 8450.25 | G37: =D37-F37 -> -8450.25
A38: 500001 | B38: Accrued wages | F38: 46773.25 | G38: =D38-F38 -> -46773.25
A39: 500002 | B39: Unearned revenue | F39: 444625.65 | G39: =D39-F39 -> -444625.65
A40: 500003 | B40: Accrued income taxes | F40: 23058.4 | G40: =D40-F40 -> -23058.4
A41: 600001 | B41: Credit card payable | F41: 65280.2 | G41: =D41-F41 -> -65280.2
A42: 600002 | B42: Bank loan payable | F42: 1936286.2 | G42: =D42-F42 -> -1936286.2
A43: 600003 | B43: Notes payable to 3rd Party | F43: 2766564.4 | G43: =D43-F43 -> -2766564.4
A44: 700001 | B44: Owner's equity | F44: 2877999 | G44: =D44-F44 -> -2877999
A45: 700002 | B45: Owner's drawing account | D45: 240904 | G45: =D45-F45 -> 240904
A46: 700003 | B46: Common stock | F46: 1812976 | G46: =D46-F46 -> -1812976
A47: 700004 | B47: Additional paid-in capital | F47: 6464202 | G47: =D47-F47 -> -6464202
A48: 700005 | B48: Preferred stock | F48: 4164931 | G48: =D48-F48 -> -4164931
A49: 700006 | B49: Retained earnings | F49: =4388842-2732777.74 -> 1656064.3 | G49: =D49-F49 -> -1656064.3
A50: 800001 | B50: Domestic Direct to Consumer Sales | F50: 20574550 | G50: =D50-F50 -> -20574550
A51: =+A50+1 -> 800002 | B51: AZ Franchise Sales | F51: 1990474.2 | G51: =D51-F51 -> -1990474.2
A52: =+A51+1 -> 800003 | B52: CA Franchise Sales | F52: 4976185.6 | G52: =D52-F52 -> -4976185.6
A53: =+A52+1 -> 800004 | B53: NYC Franchise Sales | F53: 2089998 | G53: =D53-F53 -> -2089998
A54: =+A53+1 -> 800005 | B54: International Direct to Consumer Sales | F54: 895713.41 | G54: =D54-F54 -> -895713.41
A55: =+A54+1 -> 800006 | B55: AUS Franchise Sales | F55: 2235161.5 | G55: =D55-F55 -> -2235161.5
A56: =+A55+1 -> 800007 | B56: NZ Franchise Sales | F56: 1849164.3 | G56: =D56-F56 -> -1849164.3
A57: =+A56+1 -> 800008 | B57: Investment income | F57: 1652109 | G57: =D57-F57 -> -1652109
A58: 900001 | B58: Purchases | D58: 2060000.1 | G58: =D58-F58 -> 2060000.1
A59: 900002 | B59: Freight | D59: 321340.72 | G59: =D59-F59 -> 321340.72
A60: 910001 | B60: Purchase returns and allowances | F60: 245448.3 | G60: =D60-F60 -> -245448.3
A61: 900003 | B61: Cost of goods sold - materials | D61: 2603443.6 | G61: =D61-F61 -> 2603443.6
A62: 910002 | B62: Cost of goods sold - labor | D62: 4387541.1 | G62: =D62-F62 -> 4387541.1
A63: 900004 | B63: Cost of goods sold - direct expenses | D63: 6300016 | G63: =D63-F63 -> 6300016
A64: 910003 | B64: Cost of goods sold - indirect expenses | D64: 874344.8 | G64: =D64-F64 -> 874344.8
A65: 900005 | B65: Advertising | D65: 2354465 | G65: =D65-F65 -> 2354465
A66: 910004 | B66: Amortization | D66: 645000 | G66: =D66-F66 -> 645000
A67: 900006 | B67: Bad debt expense | D67: 245100 | G67: =D67-F67 -> 245100
A68: 910005 | B68: Bank charges | D68: 17200 | G68: =D68-F68 -> 17200
A69: 900007 | B69: Charitable contributions | D69: 17200 | G69: =D69-F69 -> 17200
A70: 910006 | B70: Commissions expense | D70: 1638945 | G70: =D70-F70 -> 1638945
A71: 900008 | B71: Contract labor | D71: 254358.76 | G71: =D71-F71 -> 254358.76
A72: 910007 | B72: Credit card fees expense | D72: 2045.08 | G72: =D72-F72 -> 2045.08
... A94: 910018 | B94: Wages | D94: 6663899.2 | G94: =D94-F94 -> 6663899.2
B97: Totals | D97: =SUM(D6:D95) -> 82963426 | F97: =SUM(F6:F95) -> 82963426
B100: Difference | F100: =+D97-F97 -> -0.0020000041

Sheet Revenue COA To Lead Codes
A1: Revenue Chart of Accounts to Leadsheet Coding
B3: Chart of Account # | C3: Account Name | D3: Leadsheet Name
B4: 800001 | C4: Domestic Direct to Consumer Sales | D4: Domestic DTC Revenue
B5: =+B4+1 -> 800002 | C5: AZ Franchise Sales | D5: Domestic Franchise Revenue
B6: =+B5+1 -> 800003 | C6: CA Franchise Sales | D6: Domestic Franchise Revenue
B7: =+B6+1 -> 800004 | C7: NYC Franchise Sales | D7: Domestic Franchise Revenue
B8: =+B7+1 -> 800005 | C8: International Direct to Consumer Sales | D8: International DTC Revenue
B9: =+B8+1 -> 800006 | C9: AUS Franchise Sales | D9: International Franchise Revenue
B10: =+B9+1 -> 800007 | C10: NZ Franchise Sales | D10: International Franchise Revenue
B11: =+B10+1 -> 800008 | C11: Investment income | D11: Other Income
B14: Chart of Account # | C14: Leadsheet Name | D14: Account Name
B15: 800001 | C15: Domestic DTC Revenue | D15: Domestic Direct to Consumer Sales
B16: =+B15+1 -> 800002 | C16: Domestic Franchise Revenue | D16: AZ Franchise Sales
B17: =+B16+1 -> 800003 | C17: Domestic Franchise Revenue | D17: CA Franchise Sales
B18: =+B17+1 -> 800004 | C18: Domestic Franchise Revenue | D18: NYC Franchise Sales
B19: =+B18+1 -> 800005 | C19: International DTC Revenue | D19: International Direct to Consumer Sales
B20: =+B19+1 -> 800006 | C20: International Franchise Revenue | D20: AUS Franchise Sales
B21: =+B20+1 -> 800007 | C21: International Franchise Revenue | D21: NZ Franchise Sales
B22: =+B21+1 -> 800008 | C22: Other Income | D22: Investment income

Sheet Revenue Leasheet
A1: Revenue Lead Schedule
A2: 12/31/20XX
B4: Account Name | C4: Prior Year Balance | D4: Year End Balance | E4: Tickmarks
B5: Domestic DTC Revenue
B6: Domestic Franchise Revenue
B7: International DTC Revenue
B8: International Franchise Revenue
B9: Other Income

Sheet Leadsheet Template
A1: KPMG | I1: Revenue Leadsheet
A2: Client | I2: Period End
A3: X | I3: 12/31/202X
A4: Prepared by | E4: Date | I4: W/P reference
A5: Veselin Pavlov | E5: 46255 | I5: R1
A7: Purpose: To provide a breakdown revenue balances for this Fiscal Year
A9: Procedures:
A11: 1) Using VLOOKUP function, create a leadsheet utilizing the coding, current year and prior year trial balance. Calculate YOY (year over year) change (% and $).
E12: aTB | F12: aPY
A13: GL Account Number | B13: GL Account Name | D13: Revenue Stream | E13: Current Year Balanace | F13: Prior Year Balance | G13: Change (%) | H13: Change ($)
A14: 800001 | B14: Domestic Direct to Consumer Sales | C14: =VLOOKUP('Leadsheet Template'!B14,'Revenue COA To Lead Codes'!C4:D11,2,FALSE) -> Domestic DTC Revenue | D14: =VLOOKUP(B14,'Year End - Trial Balance'!B6:G94,6,FALSE)*-1 -> 23043496 | E14: =VLOOKUP(B14,'Year End - Trial Balance'!B6:G94,6,FALSE)*-1 -> 23043496 | F14: =VLOOKUP(B14,'Prior Year - Trial Balance'!B6:G94,6,FALSE)*-1 -> 20574550 | G14: =(E14-F14)/F14 -> 0.12 | H14: =E14-F14 -> 2468946
A15: 800002 | B15: AZ Franchise Sales | C15: =VLOOKUP('Leadsheet Template'!B15,'Revenue COA To Lead Codes'!C5:D12,2,FALSE) -> Domestic Franchise Revenue | D15: =VLOOKUP(B15,'Year End - Trial Balance'!B7:G95,6,FALSE)*-1 -> 2229331.1 | E15: =VLOOKUP(B15,'Year End - Trial Balance'!B7:G95,6,FALSE)*-1 -> 2229331.1 | F15: =VLOOKUP(B15,'Prior Year - Trial Balance'!B7:G95,6,FALSE)*-1 -> 1990474.2 | G15: =(E15-F15)/F15 -> 0.12 | H15: =E15-F15 -> 238856.91
A16: 800003 | B16: CA Franchise Sales | C16: =VLOOKUP('Leadsheet Template'!B16,'Revenue COA To Lead Codes'!C6:D13,2,FALSE) -> Domestic Franchise Revenue | D16: =VLOOKUP(B16,'Year End - Trial Balance'!B8:G96,6,FALSE)*-1 -> 5573327.9 | E16: =VLOOKUP(B16,'Year End - Trial Balance'!B8:G96,6,FALSE)*-1 -> 5573327.9 | F16: =VLOOKUP(B16,'Prior Year - Trial Balance'!B8:G96,6,FALSE)*-1 -> 4976185.6 | G16: =(E16-F16)/F16 -> 0.12 | H16: =E16-F16 -> 597142.27
A17: 800004 | B17: NYC Franchise Sales | C17: =VLOOKUP('Leadsheet Template'!B17,'Revenue COA To Lead Codes'!C7:D14,2,FALSE) -> Domestic Franchise Revenue | D17: =VLOOKUP(B17,'Year End - Trial Balance'!B9:G97,6,FALSE)*-1 -> 2340797.7 | E17: =VLOOKUP(B17,'Year End - Trial Balance'!B9:G97,6,FALSE)*-1 -> 2340797.7 | F17: =VLOOKUP(B17,'Prior Year - Trial Balance'!B9:G97,6,FALSE)*-1 -> 2089998 | G17: =(E17-F17)/F17 -> 0.12 | H17: =E17-F17 -> 250799.75
A18: 800005 | B18: International Direct to Consumer Sales | C18: =VLOOKUP('Leadsheet Template'!B18,'Revenue COA To Lead Codes'!C8:D15,2,FALSE) -> International DTC Revenue | D18: =VLOOKUP(B18,'Year End - Trial Balance'!B10:G98,6,FALSE)*-1 -> 1003199 | E18: =VLOOKUP(B18,'Year End - Trial Balance'!B10:G98,6,FALSE)*-1 -> 1003199 | F18: =VLOOKUP(B18,'Prior Year - Trial Balance'!B10:G98,6,FALSE)*-1 -> 895713.41 | G18: =(E18-F18)/F18 -> 0.12 | H18: =E18-F18 -> 107485.61
A19: 800006 | B19: AUS Franchise Sales | C19: =VLOOKUP('Leadsheet Template'!B19,'Revenue COA To Lead Codes'!C9:D16,2,FALSE) -> International Franchise Revenue | D19: =VLOOKUP(B19,'Year End - Trial Balance'!B11:G99,6,FALSE)*-1 -> 2503380.9 | E19: =VLOOKUP(B19,'Year End - Trial Balance'!B11:G99,6,FALSE)*-1 -> 2503380.9 | F19: =VLOOKUP(B19,'Prior Year - Trial Balance'!B11:G99,6,FALSE)*-1 -> 2235161.5 | G19: =(E19-F19)/F19 -> 0.12 | H19: =E19-F19 -> 268219.38
A20: 800007 | B20: NZ Franchise Sales | C20: =VLOOKUP('Leadsheet Template'!B20,'Revenue COA To Lead Codes'!C10:D17,2,FALSE) -> International Franchise Revenue | D20: =VLOOKUP(B20,'Year End - Trial Balance'!B12:G100,6,FALSE)*-1 -> 2071064 | E20: =VLOOKUP(B20,'Year End - Trial Balance'!B12:G100,6,FALSE)*-1 -> 2071064 | F20: =VLOOKUP(B20,'Prior Year - Trial Balance'!B12:G100,6,FALSE)*-1 -> 1849164.3 | G20: =(E20-F20)/F20 -> 0.12 | H20: =E20-F20 -> 221899.71
A21: 800008 | B21: Investment income | C21: =VLOOKUP('Leadsheet Template'!B21,'Revenue COA To Lead Codes'!C11:D18,2,FALSE) -> Other Income | D21: =VLOOKUP(B21,'Year End - Trial Balance'!B13:G101,6,FALSE)*-1 -> 3402096.4 | E21: =VLOOKUP(B21,'Year End - Trial Balance'!B13:G101,6,FALSE)*-1 -> 3402096.4 | F21: =VLOOKUP(B21,'Prior Year - Trial Balance'!B13:G101,6,FALSE)*-1 -> 1652109 | G21: =(E21-F21)/F21 -> 1.0592445 | H21: =E21-F21 -> 1749987.4
B22: Total Revenue | E22: =SUM(E14:E21) -> 42166693 | F22: =SUM(F14:F21) -> 36263356 | H22: =E22-F22 -> 5903337
E23: T | F23: T
A24: 2) Using the SUMIF function and the coding from the trial balance, create a reconciliation to tie to the revenue financial statement (FS) note disclosure.
B25: aFS | D25: aPY
A26: Revenue Stream per FS Note | B26: Current Year Balance | D26: Prior Year Balance
A27: Domestic DTC Revenue | B27: =SUMIF($C$14:C21,$A27,$E$14:$E$21) -> 23043496 | D27: =SUMIF($C$14:C21,$A27,$F$14:$F$21) -> 20574550
A28: Domestic Franchise Revenue | B28: =SUMIF($C$14:C22,$A28,$E$14:$E$21) -> 10143457 | D28: =SUMIF($C$14:C22,$A28,$F$14:$F$21) -> 9056657.8
A29: International DTC Revenue | B29: =SUMIF($C$14:C23,$A29,$E$14:$E$21) -> 1003199 | D29: =SUMIF($C$14:C23,$A29,$F$14:$F$21) -> 895713.41
A30: International Franchise Revenue | B30: =SUMIF($C$14:C24,$A30,$E$14:$E$21) -> 4574444.9 | D30: =SUMIF($C$14:C24,$A30,$F$14:$F$21) -> 4084325.8
A31: Other Income | B31: =SUMIF($C$14:C25,$A31,$E$14:$E$21) -> 3402096.4 | D31: =SUMIF($C$14:C25,$A31,$F$14:$F$21) -> 1652109
A32: Total Revenue | B32: =SUM(B27:B31) -> 42166693 | D32: =SUM(D27:D31) -> 36263356
B33: T | D33: T
A34: KPMG Tickmark Legend
A35: aPY Agreed to prior year
A36: T Footed
A37: aFS Agreed to the financial statement
A38: aTB Agreed to the trial balance
A39: ns Not significant; as below audit misstatement posting threshold
